 Dungeon Crawl Stone Soup version 0.29.1 (webtiles) character file.

Game seed: 7134514419331078261

3777 wakxed the Thaumaturge (level 9, -20/105 HPs)
             Began as a Green Draconian Conjurer on Sept 14, 2022.
             Was a Believer of Hepliaklqana.
             Demolished by an orc knight
             ... wielding a +0 war axe
              (22 damage)
             ... in a bailey.
             The game lasted 00:42:13 (9979 turns).

wakxed the Thaumaturge (Green Draconian Conjurer)   Turns: 9979, Time: 00:42:14

Health: -20/105    AC:  9    Str:  9    XL:     9   Next: 95%
Magic:  8/21       EV: 12    Int: 24    God:    Hepliaklqana [**....]
Gold:   350        SH:  0    Dex:  9    Spells: 10/24 levels left

rFire   . . .      SeeInvis +   x - +4 whip (flame)
rCold   . . .      Faith    .   (no shield)
rNeg    . . .      Spirit   .   (body armour unavailable)
rPois   +          Reflect  .   (helmet restricted)
rElec   .          Harm     .   p - +0 cloak
rCorr   .          Rampage  .   (no gloves)
Will    +....                   f - +0 pair of boots
Stlth   ..........              (no amulet)
HPRegen 0.27/turn               j - ring of willpower
MPRegen 0.17/turn               n - ring of see invisible

@: berserking, short of breath, very quick
A: reduced essence, breathe noxious fumes, AC +7, unfitting armour, poison
resistance, cold-blooded
a: Breathe Noxious Fumes, Renounce Religion, Recall Ancestor, Ancestor Identity


You were in a bailey.
You worshipped Hepliaklqana.
Hepliaklqana was pleased with you.
You visited 1 branch of the dungeon, and saw 7 of its levels.
You also visited: Bailey.

You collected 350 gold pieces.

Inventory:

Hand Weapons
 h - a +1 hand axe of freezing
 x - a +4 whip of flaming (weapon)
 y - a +0 spear of flaming
 A - a +3 spear of pain
 C - a +0 rapier of electrocution
 D - a +4 flail
 E - a +0 vorpal flail
 J - a +2 whip of venom
Missiles
 d - 7 poisoned darts
Armour
 f - a +0 pair of boots (worn)
 p - a +0 cloak (worn)
 G - a +2 kite shield
Jewellery
 j - a ring of willpower (left hand)
 n - a ring of see invisible (right hand)
Wands
 g - a wand of paralysis (15)
 r - a wand of mindburst (10)
 w - a wand of flame (22)
 F - a wand of iceblast (12)
 H - a wand of digging (6)
Scrolls
 e - a scroll of magic mapping {unknown}
 i - 3 scrolls of vulnerability
 k - a scroll of noise {unknown}
 o - a scroll of silence
 u - a scroll of torment
 v - a scroll of summoning {unknown}
 B - a scroll of amnesia {unknown}
Potions
 a - a potion of magic
 b - 2 potions of flight
 c - a potion of berserk rage
 l - 2 potions of degeneration {unknown}
 m - 3 potions of might
 q - 3 potions of curing
 s - a potion of cancellation {unknown}
 t - 3 potions of ambrosia
 z - a potion of invisibility {unknown}
 I - a potion of resistance {unknown}


   Skills:
 + Level 6.5 Fighting
 - Level 1.7 Dodging
 - Level 1.7 Stealth
 * Level 8.3 Spellcasting
 + Level 7.3 Conjurations
 + Level 5.2 Hexes
 + Level 4.0 Translocations


You had 10 spell levels left.
You knew the following spells:

 Your Spells              Type           Power      Damage    Failure   Level
a - Magic Dart            Conj           100%       1d8       1%          1
b - Searing Ray           Conj           90%        2d7       1%          2
c - Dazzling Flash        Conj/Hex       80%        N/A       1%          3
d - Fulminant Prism       Conj/Hex       20%        3d13      4%          4
e - Iskenderun's Mystic   Conj/Tloc      37%        2d9       6%          4

Your spell library contained the following spells:

 Spells                   Type           Power      Damage    Failure   Level
 Freeze                   Ice            36%        1d6       6%          1
 Hailstorm                Conj/Ice       27%        3d7       14%         4
 Frozen Ramparts          Ice            18%        1d3       19%         3


Dungeon Overview and Level Annotations

Branches:
Dungeon (7/15)             Bailey (1/1)
 Temple: D:4-7

Altars:
Dithmenos
Hepliaklqana
Trog
Vehumet

Shops:
D:1 *


Innate Abilities, Weirdness & Mutations

Your life essence is reduced to manifest your ancestor. (-10% HP)
You can breathe blasts of noxious fumes.
Your lurid green scales are hard. (AC +7)
You cannot fit into any form of body armour.
Your system is resistant to poisons. (rPois)
You are cold-blooded and may be slowed by cold attacks.


Message History

Cihuaton closely misses the orc knight.
The orc warrior hits you with a +0 war axe!
The magic dart hits the orc warrior but does no damage.
The orc warrior is severely wounded.
The orc warrior misses you.
The magic dart hits the orc warrior but does no damage.
The orc warrior is severely wounded.
Cihuaton hits the orc knight with a +0 flail!
The orc warrior hits you with a +0 war axe!!
The orc knight hits Cihuaton with a +0 war axe!
Casting: Magic Dart (safe; 1% risk of failure)
Confirm with . or Enter, or press ? or * to list all spells.
Aiming: Searing Ray (safe; 1% risk of failure)
Press: ? - help, Shift-Dir - straight line, f/p - orc warrior
Aim: an orc warrior, wielding a +0 war axe and wearing a +0 plate armour (severely wounded, strong, 82% to hit)
Okay, then.
Unknown command.
You can't do that yet.
Unknown command.
Unknown command.
Okay, then.
A red film seems to cover your vision as you go berserk!
You feel yourself moving faster!
You feel mighty!
Cihuaton hits the orc knight with a +0 flail.
The orc warrior hits you with a +0 war axe!!
* * * LOW HITPOINT WARNING * * *
You whack the orc warrior! You burn the orc warrior.
You kill the orc warrior!
Found a scroll labelled KUQ GEFUAHIFF.
An orc warrior comes into view. It is wielding a +0 war axe.
The orc knight hits you with a +0 war axe!!
* * * LOW HITPOINT WARNING * * *
The orc knight hits Cihuaton with a +0 war axe!
Cihuaton is destroyed!
There is an open door, spattered with blood here.
Items here: ! $ ( ) [ †.
You hit the orc knight. You burn the orc knight.
The orc knight is moderately wounded.
The orc knight hits you with a +0 war axe!!
You die...

..'.....#...
..'.....#...
.().....#o..
..#....##8.8
.##....#~!.. .
##.....#~).. ...
#......##~~~ ###o...
........#########.)....8
..8..8....'.....@o).....
..........#~~~~~#.......
#.........#~~~~~#...8..8
##...8...##~~~~~##......
##.....##.......##....?
##...##.........##...#
#####♣♣♣.....♣♣♣ ####
♣♣♣∩♣♣♣


You could see an orc knight and an orc warrior (strong).

Vanquished Creatures
  Pikel (D:4)
  Grinder (D:3)
  Sigmund (D:3)
  Edmund (D:6)
  A water moccasin (D:4)
  An orc warrior (Bailey)
  A sky beast (D:7)
  3 ogres
  An ice beast (D:6)
  2 lemures (D:4)
  A phantom (D:4)
  A kobold brigand (D:7)
  A bullfrog (D:6)
  A necrophage (D:5)
  2 gnoll sergeants
  A scorpion (D:4)
  5 wights
  2 jellies
  An orc priest (D:7)
  A gnoll bouda (D:7)
  3 hounds
  Ijyb (D:3)
  5 iguanas
  Natasha (twice) (D:4)
  Robin (D:3)
  8 gnolls
  An ancestor (D:5)
  3 adders
  A white imp (D:5)
  An ufetubus (D:6)
  4 worms
  2 dart slugs
  7 orcs
  6 bats
  5 endoplasms
  2 giant cockroaches
  22 goblins
  8 hobgoblins
  12 jackals
  7 kobolds
  3 quokkas
  8 ball pythons
  4 frilled lizards
  6 rats
151 creatures vanquished.

Vanquished Creatures (collateral kills)
  The ghost of bchevrier the Magician, a novice GnWn of Yredelemnul (D:6)
  A sky beast (D:7)
  A centaur (D:7)
  2 lemures
  A wight (D:6)
  3 jellies
  Natasha (D:4)
  An orc wizard (D:7)
  An adder (D:4)
  7 gnolls
  3 orcs
  A hobgoblin (Bailey)
  2 goblins
  10 kobolds
35 creatures vanquished.

Vanquished Creatures (others)
  A knight (Bailey)
  13 plants (D:1)
14 creatures vanquished.

Grand Total: 200 creatures vanquished

Notes
Turn   | Place    | Note
-------+----------+-------------------------------------------
     0 | D:1      | wakxed the Draconian Conjurer began the quest for the Orb.
     0 | D:1      | Reached XP level 1. HP: 14/14 MP: 3/3
   507 | D:1      | Reached XP level 2. HP: 21/22 MP: 1/5
   870 | D:1      | Reached skill level 1 in Fighting
  1265 | D:1      | Learned a level 2 spell: Searing Ray
  1479 | D:1      | Reached XP level 3. HP: 28/28 MP: 4/7
  1533 | D:1      | Found Tohonat's Assorted Antiques.
  1885 | D:1      | Found a faded altar of an unknown god.
  2177 | D:2      | Reached skill level 3 in Spellcasting
  2944 | D:1      | Learned a level 3 spell: Dazzling Flash
  3088 | D:2      | Reached XP level 4. HP: 36/36 MP: 3/8
  4012 | D:3      | Noticed Grinder
  4023 | D:3      | Killed Grinder
  4024 | D:3      | Reached skill level 4 in Spellcasting
  4024 | D:3      | Reached skill level 1 in Hexes
  4024 | D:3      | Reached XP level 5. HP: 44/44 MP: 2/11
  4024 | D:3      | Reached XP level 6. HP: 50/50 MP: 2/12
  4248 | D:3      | Noticed Robin
  4261 | D:3      | Killed Robin
  4476 | D:3      | Found a hazy altar of Hepliaklqana.
  4483 | D:3      | Became a worshipper of Hepliaklqana the Forgotten
  4489 | D:3      | Noticed Ijyb
  4507 | D:3      | Paralysed by Ijyb for 4 turns
  4520 | D:3      | Paralysed by Ijyb for 4 turns
  4526 | D:3      | Killed Ijyb
  4761 | D:3      | Noticed Sigmund
  4922 | D:4      | Reached skill level 5 in Conjurations
  4961 | D:4      | Learned a level 4 spell: Fulminant Prism
  4993 | D:4      | Found a bloodstained altar of Trog.
  5178 | D:4      | Identified the +0 robe "Dyoboy" {rElec rF+}
  5254 | D:4      | Your scales start taking on a lurid green colour.
  5254 | D:4      | Reached XP level 7. HP: 57/57 MP: 7/14
  5254 | D:4      | Gained mutation: Your system is resistant to poisons.
                  | (rPois) [Green Draconian growth]
  5504 | D:4      | Reached * piety under Hepliaklqana
  5546 | D:4      | Reached skill level 5 in Spellcasting
  5752 | D:4      | Noticed Natasha
  5756 | D:4      | Killed Natasha
  5792 | D:4      | Noticed Natasha
  5798 | D:4      | Killed Natasha
  5831 | D:4      | Noticed Natasha
  5836 | D:4      | Killed Natasha
  6013 | D:4      | Noticed Pikel
  6292 | D:4      | Killed Pikel
  6293 | D:4      | Reached skill level 6 in Spellcasting
  6293 | D:4      | Reached XP level 8. HP: 58/60 MP: 4/17
  6394 | D:4      | Learned a level 4 spell: Iskenderun's Mystic Blast
  6640 | D:4      | Found a radiant altar of Vehumet.
  6724 | D:5      | Entered Level 5 of the Dungeon
  6812 | D:5      | Found a shadowy altar of Dithmenos.
  6898 | D:5      | Reached skill level 1 in Translocations
  7324 | D:5      | Reached skill level 5 in Fighting
  7615 | D:5      | Reached ** piety under Hepliaklqana
  7616 | D:5      | Remembered your ancestor Cihuaton as a knight
  8019 | D:3      | Killed Sigmund
  8245 | D:6      | Noticed Edmund
  8256 | D:6      | Killed Edmund
  8257 | D:6      | Reached skill level 7 in Spellcasting
  8257 | D:6      | Reached XP level 9. HP: 66/66 MP: 6/19
  8773 | D:6      | Found a runed translucent door.
  9096 | D:6      | Noticed bchevrier's ghost (novice GnWn)
  9115 | D:6      | Killed bchevrier's ghost
  9270 | D:7      | Reached skill level 8 in Spellcasting
  9277 | D:7      | Reached skill level 5 in Hexes
  9799 | D:7      | Found a flagged portal.
  9833 | Bailey   | Entered a bailey
  9901 | Bailey   | Noticed an orc warlord
  9959 | Bailey   | Noticed an orc knight
  9978 | Bailey   | HP: 2/105 [orc knight/+0 war axe (19)]
  9979 | Bailey   | Demolished by an orc knight

Illustrated notes

Levels and vault maps discovered:
D:1:      roderic_crop_circles_arrival_small, layout_basic,
          ebering_ecumenical_altar_box, serial_shops, nicolae_shop_statue_plus,
          serial_co_window_serial, co_window_corner_a, co_window_corner_a,
          co_window_of_opportunity_a, co_window_paths_a, co_window_cross_1,
          co_window_broadway_c, co_window_corner_b, co_window_cross_4,
          co_window_2corner, co_window_of_opportunity_c, co_window_2corner,
          glass_columns_c, corexii_hall_statues_l, chequers_arboretum
D:2:      layout_loops_ring, nicolae_wormholes
D:3:      layout_loops_cross, mainiacjoe_overflow_alcove_2, uniq_robin,
          uniq_sigmund, uniq_ijyb, uniq_grinder
D:4:      layout_gridville, mainiacjoe_overflow_24_doors,
          trog_three_pillars_becter, uniq_natasha, uniq_pikel
D:5:      layout_basic, grunt_dithmenos_smoke, corexii_checkpoint_a,
          minmay_door_square
D:6:      layout_basic, ebering_ghost_reflecting_pool, uniq_edmund
D:7:      layout_cave_pools, nicolae_ru_the_path_less_chosen,
          minmay_temple_entry_enclosed_plants, serial_shops,
          nicolae_shop_hallway_plus, enter_bailey_5, small_statue_intersection
Bailey:   bailey_axe_bossmonster_kennysheep, bailey

Skill      XL: |  1  2  3  4  5  6  7  8  9 |
---------------+----------------------------+-----
Fighting       | 1 2 3 4 5 6 |  6.5
Spellcasting   | 3 4 6 7 8 |  8.3
Hexes          | 1 2 3 4 5 |  5.2
Conjurations   | 5 6 7 |  7.3
Translocations | 2 4 |  4.0
Dodging        | |  1.7
Stealth        | |  1.7

Action                   |  1- 3 |  4- 6 |  7- 9 || total
-------------------------+-------+-------+-------++-------
Melee: Unarmed           |    16 |       |       ||    16
       Dagger            |    20 |       |       ||    20
       Tailslap          |     6 |     1 |     2 ||     9
       Hand axe          |    22 |    40 |     5 ||    67
       Punch             |       |     1 |       ||     1
       Whip              |       |       |    14 ||    14
 Cast: Magic Dart        |    86 |    75 |   132 ||   293
       Searing Ray       |       |     6 |    50 ||    56
Invok: Recall Ancestor   |       |       |     2 ||     2
       Ancestor Life: Kn |       |       |     1 ||     1
 Abil: Breathe Noxious F |       |       |    23 ||    23
Evoke: Wand              |       |       |     4 ||     4
  Use: Scroll            |       |     4 |     7 ||    11
       Potion            |       |     3 |     1 ||     4
 Stab: Sleeping          |     1 |       |       ||     1
Armor: Skin              |    27 |    33 |    15 ||    75
Dodge: Dodged            |    46 |    20 |    24 ||    90
